 Dungeon Crawl Stone Soup version 0.27.0-1-g7a089689b8 (webtiles) character file.

Game seed: 11401053707926592891

23 ABBCCCDDDD the Skirmisher (level 2, 0/26 HPs)
             Began as a Draconian Arcane Marksman on Aug 7, 2021.
             Slain by Natasha (2 damage)
             ... on level 1 of the Dungeon.
             The game lasted 00:02:21 (957 turns).

ABBCCCDDDD the Skirmisher (DrAM)                     Turns: 957, Time: 00:02:22

Health: 0/26       AC:  4    Str: 12    XL:     2   Next: 72%
Magic:  3/3        EV: 11    Int: 13    God:
Gold:   54         SH:  3    Dex: 11    Spells: 2/3 levels left

rFire    . . .     SeeInvis .   a - +0 hunting sling
rCold    . . .     Faith    .   i - +0 buckler
rNeg     . . .     Spirit   .   (armour unavailable)
rPois    .         Reflect  .   (helmet restricted)
rElec    .         Harm     .   (no cloak)
rCorr    .         Rampage  .   (no gloves)
Will     .....                  (no boots)
Stlth    +.........             (no amulet)
HPRegen  0.08/turn              (no ring)
MPRegen  0.08/turn              (no ring)

@: no status effects
A: AC +4, unfitting armour, cold-blooded
a: no special abilities


You were on level 1 of the Dungeon.
You visited 1 branch of the dungeon, and saw 2 of its levels.

You collected 54 gold pieces.

Inventory:

Hand Weapons
 a - a +0 hunting sling (weapon)
 b - a +0 club
 e - a +0 dagger
Missiles
 c - 11 sling bullets (quivered ammo)
 d - 82 stones
Armour
 i - a +0 buckler (worn)
Scrolls
 f - a scroll of noise {unknown}
 g - a scroll of vulnerability {unknown}
 h - a scroll of fog {unknown}
 j - a scroll of brand weapon {unknown}
 k - a scroll of fear {unknown}


   Skills:
 + Level 3.0 Fighting
 - Level 1.7 Slings
 - Level 1.7 Dodging
 + Level 0.1 Shields
 - Level 1.0 Spellcasting
 - Level 2.6 Hexes


You had 2 spell levels left.
You knew the following spells:

 Your Spells              Type           Power      Damage    Failure   Level
a - Corona                Hex            7%         N/A       16%         1

Your spell library contained the following spells:

 Spells                   Type           Power      Damage    Failure   Level
 Slow                     Hex            7%         N/A       22%         2
 Confusing Touch          Hex            7%         N/A       41%         3
 Inner Flame              Hex/Fire       4%         N/A       61%         3
 Portal Projectile        Hex/Tloc       8%         N/A       61%         3
 Vampiric Draining        Necr           0%         2d6       80%         3
 Cause Fear               Hex            3%         N/A       83%         4


Dungeon Overview and Level Annotations

Branches:
Dungeon (2/15)

Altars:

Annotations:
D:1 Natasha
D:2 Jessica


Innate Abilities, Weirdness & Mutations

Your plain brown scales are hard. (AC +4)
You cannot fit into any form of body armour.
You are cold-blooded and may be slowed by cold attacks.


Message History

Done exploring.
Done exploring.
You can't go up here!
You climb downwards.
An endoplasm, Jessica and Natasha come into view.
Natasha hisses angrily.
Found two ring mails.
Found a stone staircase leading up.
There is a stone staircase leading up here.
The endoplasm quivers.
Natasha claws you!
You climb upwards.
There is a stone staircase leading down here.
Okay, then.
You aren't carrying any potions.
Unknown command.
Okay, then.
You shoot a sling bullet. The sling bullet hits Natasha!
Natasha is heavily wounded.
Natasha closely misses you.
You shoot a sling bullet. The sling bullet misses Natasha.
You block Natasha's attack.
You shoot a sling bullet.
The sling bullet closely misses Natasha.
Natasha claws you.
You are too injured to fight recklessly!
You are too injured to fight recklessly!
Fire: 13 sling bullets
Press: ? - help, Q - select action, (/) - cycle Shift-Dir - straight line, f/p - Natasha
Aim: Natasha (heavily wounded, 47% to hit)
You shoot a sling bullet. The sling bullet barely misses Natasha.
Natasha claws you.
Fire: 12 sling bullets
Press: ? - help, Q - select action, (/) - cycle Shift-Dir - straight line, f/p - Natasha
Aim: Natasha (heavily wounded, 47% to hit)
You shoot a sling bullet.
The sling bullet closely misses Natasha.
Natasha claws you.
* * * LOW HITPOINT WARNING * * *
Natasha claws you.
You die...

#
########+#######
#.#### # #(#.#
#..... # #.#.#
###### #.#.#
#.#.# #.#.#
###########
#.#.#
.......>..#
#h#.#
#########.#
#@#.#
#######.#.#
##.#.#
.......#..#
##....#
#######.#.#
#..#..# #.#.#
#....## #.#.#
#.#.##
#######.#.#
#.#.#
.......#..#
#.#.# #
#######.###
#.#.####
###########


You could see Natasha.

Vanquished Creatures
  2 endoplasms (D:1)
  A giant cockroach (D:1)
  A goblin (D:1)
  A hobgoblin (D:1)
  2 jackals (D:1)
  2 quokkas (D:1)
  2 ball pythons (D:1)
  5 bats (D:1)
  3 frilled lizards (D:1)
  A kobold (D:1)
  2 rats (D:1)
22 creatures vanquished.

Notes
Turn   | Place    | Note
-------+----------+-------------------------------------------
     0 | D:1      | ABBCCCDDDD the Draconian Arcane Marksman began the quest
                  | for the Orb.
     0 | D:1      | Reached XP level 1. HP: 16/16 MP: 2/2
   158 | D:1      | Reached skill level 2 in Fighting
   229 | D:1      | Reached XP level 2. HP: 25/25 MP: 3/3
   250 | D:1      | Found a faded altar of an unknown god.
   609 | D:1      | Reached skill level 3 in Fighting
   950 | D:2      | Noticed Natasha
   950 | D:2      | Noticed Jessica
   957 | D:1      | Slain by Natasha

Illustrated notes

Levels and vault maps discovered:
D:1:      amcnicky_arrival_feature_with_door, layout_loops_ring,
          ebering_ecumenical_altar_box, chequers_serial_rivers_room_a,
          kennysheep_small_spiral
D:2:      layout_basic, serial_forest, infiniplex_forest_clump_tiny,
          infiniplex_forest_lined_corner, infiniplex_forest_straight_4,
          infiniplex_forest_clump_small, infiniplex_forest_lined_room_3,
          infiniplex_forest_end_2, infiniplex_forest_clump_medium,
          infiniplex_forest_lined_3, infiniplex_forest_clump_diagonal,
          infiniplex_forest_lined_2, uniq_natasha, uniq_jessica

Skill      XL: |  1  2 |
---------------+-------+-----
Fighting       | 2 3 |  3.0
Slings         | |  1.7
Dodging        | |  1.7
Shields        | |  0.1
Spellcasting   | |  1.0
Hexes          | |  2.6

Action                   || total
-------------------------++-------
 Fire: Hunting sling     ||    69
Armor: Skin              ||    14
Dodge: Dodged            ||    21
Block: Buckler           ||     2
